[Event "Titled Tuesday Blitz February 28 Early 2023"]
[White "Liu, Casper"]
[Black "Nguyen Hong Nhung"]
[WhiteFideId "1454153"]
[BlackFideId "12412201"]
[WhiteElo "2221"]
[BlackElo "1904"]
[Result "1-0"]
[Round "04"]
[TimeControl "180+2"]
[Date "2023.02.28"]
[WhiteClock "0:00:25"]
[BlackClock "0:00:04"]

1. d4 Nf6 2. c4 c5 3. d5 b5 4. cxb5 a6 5. e4 Nxe4 6. Qf3 Nf6 7. d6 Ra7 8. bxa6 exd6 9. Bg5 Be7 10. Nc3 Nxa6 11. Bd3 Nb4 12. Bb1 Bb7 13. Qh3 h6 14. Nge2 O-O 15. Bd2 Qa8 16. O-O Bxg2 17. Qxg2 Qb8 18. a3 Nc6 19. Bxh6 Ne8 20. Qe4 f5 21. Qg2 Qxb2 22. Qg6 Bf6 23. Ra2 Qb3 24. Rd2 c4 25. Nd5 Ra8 26. Bxf5 Ne5 27. Qh7+ Kf7 28. Nef4 Qf3 29. Re1 Rxa3 30. Ng6 Qxf5 31. Nxe5+ Qxe5 32. Rxe5 Ra1+ 33. Kg2 Bxe5 34. Bf4 Bf6 35. Re2 Ra5 36. Qh5+ Kg8 37. Nxf6+ Nxf6 38. Qxa5 c3 39. Bxd6 Rc8 40. Rc2 Ne4 41. Bf4 Nf6 42. Rxc3 Rf8 43. Qa2+ Kh7 44. Rh3+ Kg6 45. Qc4 d5 46. Qd3+ Kf7 47. Be5 Ke6 48. Bxf6 Rxf6 49. Rh5 1-0


[Site "https://www.chess.com"]

[Event "Titled Tuesday Blitz February 28 Early 2023"]
[White "Smith, Garrett L"]
[Black "Toncheva, Nadya"]
[WhiteFideId "2024829"]
[BlackFideId "2924056"]
[WhiteElo "2308"]
[BlackElo "2101"]
[Result "0-1"]
[Round "04"]
[TimeControl "180+2"]
[Date "2023.02.28"]
[WhiteClock "0:01:46"]
[BlackClock "0:02:28"]

1. e4 c5 2. a3 Nc6 3. b4 cxb4 4. axb4 Nxb4 5. d4 d5 6. c3 Nc6 7. exd5 Qxd5 8. Na3 e6 9. Nb5 Bd6 10. Bc4 Qe4+ 11. Ne2 Bb8 12. O-O Nf6 13. Ba3 Bxh2+ 14. Kxh2 Qh4+ 15. Kg1 Ng4 16. Re1 Qxf2+ 17. Kh1 Qh4+ 18. Kg1 Qh2+ 19. Kf1 Ne3+ 0-1


[Site "https://www.chess.com"]

[Event "Titled Tuesday Blitz February 28 Early 2023"]
[White "Awoki, Daniel Teidi"]
[Black "Bettalli, Francesco"]
[WhiteFideId "2100827"]
[BlackFideId "2816453"]
[WhiteElo "2083"]
[BlackElo "2216"]
[Result "1/2-1/2"]
[Round "04"]
[TimeControl "180+2"]
[Date "2023.02.28"]
[WhiteClock "0:00:08"]
[BlackClock "0:02:02"]

1. e4 e5 2. Nf3 Nf6 3. d4 Nxe4 4. Bd3 d5 5. Nxe5 Bd6 6. O-O O-O 7. Nc3 Nxc3 8. bxc3 f6 9. Qh5 f5 10. Bg5 Qe8 11. Qxe8 Rxe8 12. f4 Nd7 13. Bxf5 Nxe5 14. fxe5 Bxf5 15. Rxf5 Ba3 16. Rb1 b6 17. Rbf1 c5 18. Rf7 cxd4 19. cxd4 Bb2 20. Be3 Rac8 21. Rxa7 Rf8 22. Rxf8+ Kxf8 23. Rb7 Rxc2 24. Rxb6 Re2 25. Bf2 Bc3 26. a4 Ra2 27. h3 Rxa4 28. Rd6 Bxd4 29. Bxd4 Rxd4 30. Kf2 Ke7 31. Kf3 Rd3+ 32. Kf4 Rd2 33. Kf3 d4 34. h4 d3 35. g3 Rd1 36. Ke3 Re1+ 37. Kxd3 Rxe5 38. Rd4 Rb5 39. Ke4 Rb3 40. Kf4 Ke6 41. Re4+ Kf6 42. Re3 Rb4+ 43. Kf3 h5 44. Rd3 g6 45. Re3 Kf5 46. Rd3 Rb5 47. Re3 Rd5 48. Rc3 g5 49. hxg5 Kxg5 50. Rb3 Rf5+ 51. Kg2 Ra5 52. Kf3 Rc5 53. Re3 Rf5+ 54. Kg2 Rf8 55. Rd3 Rf5 56. Kh3 Ra5 57. Rc3 Rb5 58. Rd3 Rc5 59. Re3 Rd5 60. Rb3 Kf5 61. Ra3 Ke4 62. Ra4+ Kf3 63. Ra3+ Kf2 64. Ra2+ Ke3 65. Ra3+ Ke4 66. Ra4+ Kf5 67. Rf4+ Kg5 68. Rf3 Rf5 69. Rxf5+ Kxf5 70. Kh4 Kg6 71. g4 hxg4 72. Kxg4 1/2-1/2


[Site "https://www.chess.com"]

[Event "Titled Tuesday Blitz February 28 Early 2023"]
[White "Belov, Alexei"]
[Black "Zaichenko, Daria"]
[WhiteFideId "4128206"]
[BlackFideId "4197453"]
[WhiteElo "2500"]
[BlackElo "2039"]
[Result "1-0"]
[Round "04"]
[TimeControl "180+2"]
[Date "2023.02.28"]
[WhiteClock "0:01:30"]
[BlackClock "0:01:50"]

1. e4 c5 2. Nf3 Nc6 3. d4 cxd4 4. Nxd4 Nf6 5. Nc3 d6 6. Be2 e5 7. Nb3 Be7 8. O-O O-O 9. f4 exf4 10. Bxf4 Be6 11. Kh1 a5 12. Nd4 Nxd4 13. Qxd4 d5 14. e5 Nd7 15. Nxd5 Bxd5 16. Qxd5 Nb6 17. Qxb7 Rb8 18. Qe4 Qd5 19. Bf3 Qb5 20. b3 Rfd8 21. c4 Qb4 22. e6 f6 23. Bxb8 Rxb8 24. Rad1 Qc3 25. Rd7 Bc5 26. e7 Re8 27. Qe6+ Kh8 28. Rd8 1-0


[Site "https://www.chess.com"]

[Event "Titled Tuesday Blitz February 28 Early 2023"]
[White "Omelja, Artem"]
[Black "Buscar, Michael"]
[WhiteFideId "14119846"]
[BlackFideId "2603616"]
[WhiteElo "2404"]
[BlackElo "2010"]
[Result "1/2-1/2"]
[Round "04"]
[TimeControl "180+2"]
[Date "2023.02.28"]
[WhiteClock "0:01:08"]
[BlackClock "0:00:30"]

1. e4 c5 2. Nf3 Nc6 3. Bb5 Nf6 4. Nc3 g6 5. e5 Ng4 6. Bxc6 dxc6 7. h3 Nh6 8. a4 a5 9. d3 Nf5 10. Ne4 b6 11. g4 Nd4 12. c3 Ne6 13. Be3 Bg7 14. Qd2 h5 15. O-O-O Ba6 16. d4 Qd5 17. Neg5 Nxg5 18. Nxg5 cxd4 19. Qxd4 Qxd4 20. cxd4 Bh6 21. Ne4 Be2 22. Bxh6 Bxd1 23. Rxd1 Rxh6 24. g5 Rh8 25. Nc3 O-O-O 26. f4 e6 27. Ne4 Kc7 28. b3 Rd5 29. Nf6 Rdd8 30. Ne4 Rd5 31. Nf6 Rdd8 32. Ne4 1/2-1/2


[Site "https://www.chess.com"]

[Event "Titled Tuesday Blitz February 28 Early 2023"]
[White "Gharamian, Tigran"]
[Black "Ezat, Mohamed"]
[WhiteFideId "13301527"]
[BlackFideId "10600906"]
[WhiteElo "2638"]
[BlackElo "2388"]
[Result "0-1"]
[Round "04"]
[TimeControl "180+2"]
[Date "2023.02.28"]
[WhiteClock "0:00:55"]
[BlackClock "0:00:11"]

1. d4 Nf6 2. Nf3 c5 3. d5 d6 4. c4 Bg4 5. Nc3 a6 6. a4 Nbd7 7. e4 Ne5 8. Be2 Bxf3 9. gxf3 Ng6 10. Be3 Nh5 11. Qd2 e5 12. dxe6 fxe6 13. f4 Qh4 14. f5 exf5 15. Bg5 Qh3 16. Nd5 Rc8 17. O-O-O Ne5 18. f4 Nf3 19. Qe3 Nxg5 20. Qxh3 Nxh3 21. Bxh5+ g6 22. Bf3 Nf2 23. Rde1 Nd3+ 24. Kd2 Nxe1 25. Rxe1 fxe4 26. Rxe4+ Kf7 27. Bg4 Re8 28. Rxe8 Kxe8 29. Bc8 Bh6 30. Bxb7 a5 31. Kd3 Kd7 32. Nf6+ Kc7 33. Be4 Rf8 34. Nxh7 Rxf4 35. Bxg6 Rd4+ 36. Kc3 Bg7 37. Bd3 d5 38. Ng5 Rg4+ 0-1


[Site "https://www.chess.com"]

[Event "Titled Tuesday Blitz February 28 Early 2023"]
[White "Omariev, Maksim"]
[Black "Sliwicki, Damian"]
[WhiteFideId "4193423"]
[BlackFideId "1127128"]
[WhiteElo "2496"]
[BlackElo "1988"]
[Result "0-1"]
[Round "04"]
[TimeControl "180+2"]
[Date "2023.02.28"]
[WhiteClock "0:00:04"]
[BlackClock "0:01:29"]

1. e4 c5 2. Nf3 g6 3. d4 cxd4 4. Nxd4 Nc6 5. Nxc6 bxc6 6. Qd4 Nf6 7. e5 Nd5 8. e6 Nf6 9. exf7+ Kxf7 10. Bc4+ d5 11. Bb3 e5 12. Qxe5 Bb4+ 13. Kd1 Re8 14. Qf4 Qe7 15. Be3 Bd6 16. Qh4 c5 17. Nc3 c4 18. Ba4 Rd8 19. Re1 d4 20. Bg5 Be5 21. Ne4 d3 22. Nxf6 dxc2+ 23. Kxc2 Bf5+ 24. Ne4 Qb4 25. b3 Qc3+ 0-1


[Site "https://www.chess.com"]

[Event "Titled Tuesday Blitz February 28 Early 2023"]
[White "Balla, Tamas-Kristof"]
[Black "Klepikov, Nikita"]
[WhiteFideId "1208497"]
[BlackFideId "24145220"]
[WhiteElo "2334"]
[BlackElo "2025"]
[Result "0-1"]
[Round "04"]
[TimeControl "180+2"]
[Date "2023.02.28"]
[WhiteClock "0:00:04"]
[BlackClock "0:00:21"]

1. e4 c5 2. Nf3 Nc6 3. c3 Nf6 4. e5 Nd5 5. d4 cxd4 6. cxd4 d6 7. Bc4 Nb6 8. Bb5 dxe5 9. Nxe5 Bd7 10. Nxd7 Qxd7 11. Nc3 a6 12. Bxc6 Qxc6 13. d5 Qg6 14. O-O O-O-O 15. Be3 Kb8 16. Qd4 Nc8 17. Rac1 e6 18. Ne4 exd5 19. Rxc8+ Kxc8 20. Rc1+ Kd7 21. Qxd5+ Ke8 22. Qxb7 Be7 23. Bc5 Qe6 24. Bb4 Qd7 25. Qb6 Bxb4 26. Qxb4 Qd1+ 27. Qe1 Qxe1+ 28. Rxe1 Kd7 29. Nc5+ Kc6 30. Nxa6 Rhe8 31. Rc1+ Kb6 32. Nb4 Re2 33. a3 Rdd2 34. h3 Rxf2 35. Nc2 Rxg2+ 36. Kh1 Rxc2 37. Rd1 Rxb2 38. Rd6+ Kc5 39. h4 Rgc2 40. h5 Rb1+ 0-1


[Site "https://www.chess.com"]

[Event "Titled Tuesday Blitz February 28 Early 2023"]
[White "Jiganchine, Roman"]
[Black "Yaniuk, Volodymyr"]
[WhiteFideId "2603667"]
[BlackFideId "14133083"]
[WhiteElo "2283"]
[BlackElo "2141"]
[Result "0-1"]
[Round "04"]
[TimeControl "180+2"]
[Date "2023.02.28"]
[WhiteClock "0:00:01"]
[BlackClock "0:00:19"]

1. e4 e5 2. Nf3 Nc6 3. Nc3 Nf6 4. Bb5 Bd6 5. d3 a6 6. Ba4 b5 7. Bb3 Bc5 8. a3 d6 9. Nd5 h6 10. c3 Bb7 11. d4 exd4 12. cxd4 Ba7 13. O-O O-O 14. Nxf6+ Qxf6 15. d5 Na5 16. Bc2 Nc4 17. Rb1 c6 18. b3 Ne5 19. Nxe5 Qxe5 20. Bb2 Qe7 21. Qf3 Rac8 22. Rfe1 Rfe8 23. Qg3 Qg5 24. Qxg5 hxg5 25. dxc6 Bxc6 26. Bd3 Bd7 27. h3 Be6 28. b4 Bc4 29. Bxc4 Rxc4 30. Rbc1 Rexe4 31. Rxe4 Rxe4 32. Kf1 Rc4 33. Rd1 Rc6 34. Rd2 f6 35. Ke2 Kf7 36. Kd3 d5 37. Re2 Rc4 38. f3 g6 39. Re1 Bb8 40. Re2 Bc7 41. Re1 Bd6 42. Re2 Bg3 43. Re3 Bd6 44. Re2 f5 45. Re3 g4 46. hxg4 fxg4 47. Re2 gxf3 0-1


[Site "https://www.chess.com"]

[Event "Titled Tuesday Blitz February 28 Early 2023"]
[White "Martin, Lewis"]
[Black "Kuzmin, Roman"]
[WhiteFideId "410551"]
[BlackFideId "44134932"]
[WhiteElo "2145"]
[BlackElo "2146"]
[Result "0-1"]
[Round "04"]
[TimeControl "180+2"]
[Date "2023.02.28"]
[WhiteClock "0:00:53"]
[BlackClock "0:01:04"]

1. e4 g5 2. d4 e6 3. c4 Bg7 4. Nc3 Nc6 5. d5 Ne5 6. Be3 h6 7. Be2 Ne7 8. Nh3 d6 9. f4 N5g6 10. fxg5 exd5 11. exd5 Bxh3 12. gxh3 Nf5 13. Qd2 Nxe3 14. Qxe3+ Qe7 15. Qxe7+ Kxe7 16. O-O-O hxg5 17. Bg4 Be5 18. Ne4 Raf8 19. Ng3 Nh4 20. Rde1 f5 21. Bd1 Ng2 22. Re2 Nf4 23. Re3 Nxh3 24. Nxf5+ Rxf5 25. Bg4 Nf2 26. Bxf5 Nxh1 0-1


[Site "https://www.chess.com"]

[Event "Titled Tuesday Blitz February 28 Early 2023"]
[White "Valgmae, Toomas"]
[Black "Bulatova, Kamaliya"]
[WhiteFideId "4502523"]
[BlackFideId "34111546"]
[WhiteElo "2170"]
[BlackElo "2039"]
[Result "1-0"]
[Round "04"]
[TimeControl "180+2"]
[Date "2023.02.28"]
[WhiteClock "0:00:30"]
[BlackClock "0:00:05"]

1. d4 Nf6 2. c4 g6 3. Nc3 Bg7 4. e4 d6 5. Be2 O-O 6. Bg5 c5 7. d5 e6 8. Qd2 exd5 9. cxd5 Re8 10. f3 Qa5 11. a4 Qb4 12. g4 Nfd7 13. Nh3 Ne5 14. Nf2 Nc4 15. Bxc4 Qxc4 16. h4 Nd7 17. h5 Ne5 18. Rh3 Qb3 19. hxg6 fxg6 20. Ra3 Qc4 21. Qe2 Qb4 22. Qb5 Bd7 23. Qe2 Nc4 24. Nd3 Qb6 25. Qc2 Nxa3 26. bxa3 Qa5 27. Bd2 Qd8 28. Nb5 Bxb5 29. axb5 a6 30. Bc3 Qe7 31. Nf4 axb5 32. Ne6 Bxc3+ 33. Qxc3 b4 34. axb4 cxb4 35. Qxb4 Ra1+ 36. Kf2 Ra2+ 37. Kg3 Qf6 38. Qxd6 Ra6 39. Qf4 Raxe6 40. dxe6 Qxe6 41. Rh2 Rf8 42. Qc7 Qf7 43. Qxf7+ Rxf7 44. Rb2 Kg7 45. f4 h5 46. gxh5 gxh5 47. f5 Kf6 48. Kf4 Re7 49. Rb6+ Kf7 50. Rh6 b5 51. Rxh5 b4 52. Rh7+ Kf8 53. Rxe7 Kxe7 54. Ke3 b3 55. Kd3 Kf6 56. Kc3 b2 57. Kxb2 Ke5 58. Kc3 Kxe4 59. f6 1-0


[Site "https://www.chess.com"]

[Event "Titled Tuesday Blitz February 28 Early 2023"]
[White "Prieto Aranguren, Alain"]
[Black "Primbetov, Kazbek"]
[WhiteFideId "2268906"]
[BlackFideId "13702297"]
[WhiteElo "2209"]
[BlackElo "2097"]
[Result "1-0"]
[Round "04"]
[TimeControl "180+2"]
[Date "2023.02.28"]
[WhiteClock "0:00:32"]
[BlackClock "0:00:38"]

1. d4 c5 2. d5 e6 3. e4 exd5 4. exd5 d6 5. Nf3 Bf5 6. Bb5+ Nd7 7. O-O Be7 8. Re1 a6 9. Bf1 Ngf6 10. Nh4 Bg6 11. Nxg6 hxg6 12. a4 O-O 13. Na3 Rb8 14. Bf4 Nh5 15. Be3 Bf6 16. Nc4 Ne5 17. c3 Nxc4 18. Bxc4 b5 19. Be2 b4 20. Rc1 bxc3 21. bxc3 Qa5 22. g4 Bxc3 23. gxh5 Bxe1 24. Qxe1 Qxe1+ 25. Rxe1 Rb4 26. Bxa6 Rxa4 27. Be2 gxh5 28. Bxh5 Rfa8 29. Kg2 Ra1 30. Rxa1 Rxa1 31. Bf4 Ra6 32. Bg4 Kf8 33. Bd7 Ke7 34. Bc6 Ra3 35. Kf1 f6 36. Ke2 g5 37. Be3 Ra2+ 38. Kd3 Ra1 39. Kc4 Rh1 40. Kb5 Rb1+ 41. Ka6 Rh1 42. Kb7 Rxh2 43. Kc7 Rh8 44. f4 g4 45. f5 g3 46. Bf4 g2 47. Bxd6+ Kf7 48. Bxc5 Rh5 49. d6 Rxf5 50. Bg1 Rf1 51. d7 Rxg1 52. d8=Q Rc1 53. Qd5+ 1-0


[Site "https://www.chess.com"]

[Event "Titled Tuesday Blitz February 28 Early 2023"]
[White "Ramirez Allo, Eduardo"]
[Black "Lauridsen, Jesper Morch"]
[WhiteFideId "2224178"]
[BlackFideId "1401890"]
[WhiteElo "2469"]
[BlackElo "2253"]
[Result "1-0"]
[Round "04"]
[TimeControl "180+2"]
[Date "2023.02.28"]
[WhiteClock "0:00:05"]
[BlackClock "0:00:01"]

1. d4 g6 2. c4 Bg7 3. Nf3 Nf6 4. g3 c5 5. Bg2 cxd4 6. Nxd4 Nc6 7. O-O O-O 8. Nc3 Qa5 9. e3 e6 10. a3 d5 11. b4 Qd8 12. cxd5 Nxd4 13. exd4 exd5 14. Bg5 h6 15. Bf4 Bg4 16. Qb3 Rc8 17. Be5 Ne4 18. Nxe4 dxe4 19. Bxe4 Bxe5 20. dxe5 Qd4 21. Bxb7 Rc3 22. Qd5 Qb6 23. Rfc1 Bf3 24. Qxf3 Rxf3 25. Bxf3 Re8 26. Re1 Qd4 27. Rad1 Qc3 28. Re3 Qb2 29. Rd7 Rxe5 30. Rxe5 Qxe5 31. Rxa7 Kg7 32. Kg2 h5 33. h4 Qb2 34. Bc6 Qd4 35. Ra8 Qc3 36. b5 f5 37. Ra7+ Kh6 38. Rf7 Qxa3 39. Rf6 Qc3 40. Rf8 Qc5 41. Rh8+ Kg7 42. Rd8 Qb6 43. Rd7+ Kh6 44. Rd3 f4 45. Rf3 fxg3 46. Rxg3 Qc5 47. Be8 Kg7 48. Bxg6 Kf8 49. Be4 Qxb5 50. Bf3 Qc5 51. Rg5 Qb4 52. Rxh5 Kg7 53. Kg3 Kg6 54. Rg5+ Kf6 55. Rg4 Qb8+ 56. Kg2 Qe5 57. Rg3 Qb2 58. h5 Qc1 59. Rg6+ Kf7 60. Rg4 Qh6 61. Rg3 1-0


[Site "https://www.chess.com"]

[Event "Titled Tuesday Blitz February 28 Early 2023"]
[White "Ardila, Oscar Humberto"]
[Black "Vivas Zamora, Fabian Ernesto"]
[WhiteFideId "4404742"]
[BlackFideId "3902480"]
[WhiteElo "1946"]
[BlackElo "2262"]
[Result "0-1"]
[Round "04"]
[TimeControl "180+2"]
[Date "2023.02.28"]
[WhiteClock "0:00:04"]
[BlackClock "0:00:12"]

1. d4 Nf6 2. c4 g6 3. Nc3 d5 4. Nf3 Bg7 5. e3 O-O 6. Be2 c5 7. dxc5 dxc4 8. O-O Na6 9. c6 Qc7 10. Bxc4 Qxc6 11. Bb5 Qb6 12. Qe2 Bg4 13. e4 Nc7 14. Bc4 Qc6 15. Bb3 Ne6 16. Qe3 Bxf3 17. gxf3 Nh5 18. Nd5 Rfe8 19. Qd3 Rad8 20. Qc4 Nd4 21. Kg2 Qxc4 22. Bxc4 Rc8 23. Bd3 e6 24. Nf4 Rxc1 25. Nxh5 Rxf1 26. Nxg7 Rxa1 27. Nxe8 Rd1 28. Bc4 Nc6 29. Nf6+ Kg7 30. Ng4 Rd2 31. b3 h5 32. Ne3 Ne5 33. Bb5 Rxa2 34. f4 Ng4 35. Nxg4 hxg4 36. Kg3 f5 37. exf5 gxf5 38. Bc4 Kf6 39. f3 gxf3 40. h4 f2 41. h5 Rc2 42. Bb5 Rc3+ 43. Kxf2 Rxb3 44. Bc4 Rh3 45. Kg2 Rxh5 46. Kf3 Rh8 47. Ke3 Rc8 48. Bb5 Rc5 49. Kd4 Rxb5 0-1


[Site "https://www.chess.com"]

[Event "Titled Tuesday Blitz February 28 Early 2023"]
[White "Mohammed, Dilshad"]
[Black "Schut, Han"]
[WhiteFideId "5050421"]
[BlackFideId "1005561"]
[WhiteElo "2102"]
[BlackElo "2024"]
[Result "1-0"]
[Round "04"]
[TimeControl "180+2"]
[Date "2023.02.28"]
[WhiteClock "0:00:27"]
[BlackClock "0:00:04"]

1. Nf3 Nf6 2. d4 g6 3. c4 Bg7 4. Nc3 d5 5. cxd5 Nxd5 6. Qa4+ Nc6 7. e4 Nb6 8. Qb3 Nxd4 9. Nxd4 Qxd4 10. Be3 Qd8 11. Rd1 Bd7 12. Be2 O-O 13. O-O Qc8 14. Bd4 Be6 15. Qc2 Rd8 16. Bxg7 Kxg7 17. f4 f6 18. a4 Rxd1 19. Rxd1 Qg8 20. Rd4 Rd8 21. Qd2 Rxd4 22. Qxd4 a5 23. g4 Qe8 24. f5 Qd7 25. Qxd7 Bxd7 26. b3 Bc6 27. Bd3 Nd7 28. Kf2 Ne5 29. Be2 b6 30. Ke3 Kf7 31. h4 e6 32. Kf4 exf5 33. exf5 gxf5 34. Kxf5 Bf3 35. Bc4+ Nxc4 36. bxc4 Ke7 37. Nb5 Bc6 38. Nc3 Bb7 39. Nb5 Bc6 40. Nxc7 Bxa4 41. Nd5+ Kf7 42. Nxb6 Bb3 43. Ke4 a4 44. Kd3 a3 45. Kc3 1-0


[Site "https://www.chess.com"]

[Event "Titled Tuesday Blitz February 28 Early 2023"]
[White "Rottenwohrer Suarez, Juan"]
[Black "Clawitter, Craig"]
[WhiteFideId "32068182"]
[BlackFideId "2023105"]
[WhiteElo "2174"]
[BlackElo "2233"]
[Result "1-0"]
[Round "04"]
[TimeControl "180+2"]
[Date "2023.02.28"]
[WhiteClock "0:00:06"]
[BlackClock "0:00:03"]

1. Nf3 Nf6 2. g3 d5 3. Bg2 e6 4. O-O Be7 5. c4 O-O 6. cxd5 exd5 7. b3 d4 8. Bb2 c5 9. b4 cxb4 10. Nxd4 Re8 11. a3 Qb6 12. axb4 Bxb4 13. Qb3 a5 14. Na3 Na6 15. Nc4 Qd8 16. d3 Nc5 17. Qc2 Bd7 18. Nd6 Re7 19. Nxb7 Nxb7 20. Bxb7 Bh3 21. Nc6 Qe8 22. Nxe7+ Bxe7 23. Rfc1 Rb8 24. Bg2 Bxg2 25. Kxg2 Bb4 26. Bxf6 gxf6 27. e3 Rd8 28. d4 Qe6 29. Qc6 Qb3 30. Qf3 Kg7 31. Rc6 Rd6 32. Rxd6 Bxd6 33. Rc1 a4 34. Rc6 Be7 35. Rc7 Qb4 36. Ra7 a3 37. Qb7 1-0


[Site "https://www.chess.com"]

[Event "Titled Tuesday Blitz February 28 Early 2023"]
[White "Ciuffoletti, Paolo"]
[Black "Bas Mas, Jose Joaquin"]
[WhiteFideId "807630"]
[BlackFideId "22219064"]
[WhiteElo "2143"]
[BlackElo "2233"]
[Result "0-1"]
[Round "04"]
[TimeControl "180+2"]
[Date "2023.02.28"]
[WhiteClock "0:00:01"]
[BlackClock "0:00:51"]

1. e4 e6 2. d4 d5 3. e5 c5 4. c3 Nc6 5. Nf3 Qb6 6. a3 c4 7. Nbd2 Na5 8. Rb1 Bd7 9. Be2 Qc7 10. O-O Ne7 11. Nh4 Nc8 12. f4 Be7 13. Qe1 Nb6 14. f5 Bxh4 15. Qxh4 exf5 16. Nf3 Be6 17. Bg5 h6 18. Ne1 Nb3 19. Nc2 Kd7 20. Be3 g5 21. Qh5 Rag8 22. Rbd1 Nc8 23. Bc1 Ne7 24. Ne3 Kc8 25. Bxc4 dxc4 26. d5 Qxe5 27. dxe6 fxe6 28. Rfe1 Rd8 29. Nxc4 Qc5+ 30. Kh1 Qxc4 0-1


[Site "https://www.chess.com"]

[Event "Titled Tuesday Blitz February 28 Early 2023"]
[White "Cabezas Solano, David Alejandro"]
[Black "Rose, Felix"]
[WhiteFideId "6507522"]
[BlackFideId "5105722"]
[WhiteElo "2030"]
[BlackElo "2039"]
[Result "1-0"]
[Round "04"]
[TimeControl "180+2"]
[Date "2023.02.28"]
[WhiteClock "0:00:04"]
[BlackClock "0:00:20"]

1. d4 Nf6 2. Nf3 d5 3. g3 c5 4. Bg2 cxd4 5. O-O h6 6. b3 Bg4 7. Ne5 Nc6 8. Nxc6 bxc6 9. h3 Bh5 10. g4 Bg6 11. Qxd4 e6 12. c4 Bd6 13. Nc3 O-O 14. Bb2 e5 15. Qd2 d4 16. Na4 Rc8 17. c5 Bb8 18. Rad1 Qc7 19. f4 Be4 20. Bxe4 Nxe4 21. Qd3 Nf6 22. Bc1 Rce8 23. fxe5 Qxe5 24. Bf4 Qxe2 25. Bxb8 Qxd3 26. Rxd3 Rxb8 27. Rxd4 Nd5 28. Re1 Rfe8 29. Rde4 Rxe4 30. Rxe4 f5 31. gxf5 Rf8 32. Re6 Rxf5 33. Rxc6 Nf4 34. Rc8+ Kh7 35. c6 Nxh3+ 36. Kg2 Ng5 37. c7 Rf7 38. Rh8+ Kxh8 39. c8=Q+ Kh7 40. Nc5 h5 41. b4 Kg6 42. Qe8 Kh7 43. Nd7 g6 44. Nf8+ Kg7 45. Ne6+ Nxe6 46. Qxe6 h4 47. a4 Rf6 48. Qe7+ Rf7 49. Qxh4 Rd7 50. b5 Rf7 51. a5 Rb7 52. Qd4+ Kh6 53. b6 axb6 54. axb6 Rxb6 55. Qxb6 Kh5 56. Kg3 g5 57. Qf6 g4 58. Qf5+ Kh6 59. Kxg4 Kg7 60. Qe6 Kh7 61. Kg5 Kg7 62. Qd7+ Kf8 63. Kf6 Kg8 64. Qg7# 1-0


[Site "https://www.chess.com"]

[Event "Titled Tuesday Blitz February 28 Early 2023"]
[White "Hertlein, Irena"]
[Black "Guliev, Logman"]
[WhiteFideId "21817618"]
[BlackFideId "13400061"]
[WhiteElo "1776"]
[BlackElo "2161"]
[Result "0-1"]
[Round "04"]
[TimeControl "180+2"]
[Date "2023.02.28"]
[WhiteClock "0:00:02"]
[BlackClock "0:00:09"]

1. Nf3 Nf6 2. c4 e6 3. b3 d5 4. Bb2 Be7 5. e3 O-O 6. Nc3 b6 7. cxd5 exd5 8. Rc1 c5 9. d4 Bg4 10. Be2 Nbd7 11. O-O Rc8 12. h3 Bh5 13. Nh4 Bxe2 14. Nxe2 Ne4 15. Nf5 Ndf6 16. dxc5 Bxc5 17. Nf4 Qd7 18. Nd4 Rfd8 19. Nh5 Bxd4 20. Bxd4 Rxc1 21. Nxf6+ Nxf6 22. Qxc1 Ne4 23. Qb2 f6 24. Rc1 Rc8 25. f3 Ng3 26. Kf2 Nf5 27. Rxc8+ Qxc8 28. Qc3 Qb8 29. f4 Nd6 30. Qc6 Ne4+ 31. Kg1 Qd8 32. Qe6+ Kh8 33. g4 h6 34. g5 hxg5 35. fxg5 Nxg5 36. Qg4 Qe8 37. h4 Ne4 38. Qf5 Qc6 39. Qh5+ Kg8 40. Qe2 Qe6 41. Qf3 Qc8 42. Qf4 Qh3 43. Qb8+ Kh7 44. Qf4 Qc8 45. Qf3 Qc1+ 46. Kg2 Qd2+ 47. Kh3 Qc2 48. Qf5+ g6 49. Qd7+ Kh6 0-1


[Site "https://www.chess.com"]

[Event "Titled Tuesday Blitz February 28 Early 2023"]
[White "Kiseleva, Arina"]
[Black "Kochetov, Andrey"]
[WhiteFideId "4164989"]
[BlackFideId "24130532"]
[WhiteElo "1756"]
[BlackElo "2443"]
[Result "1/2-1/2"]
[Round "04"]
[TimeControl "180+2"]
[Date "2023.02.28"]
[WhiteClock "0:01:25"]
[BlackClock "0:01:39"]

1. d4 Nf6 2. Nf3 e6 3. e3 b6 4. Bd3 Bb7 5. O-O d5 6. Nbd2 Bd6 7. Ne5 O-O 8. b3 c5 9. Bb2 Nc6 10. a3 Ne7 11. Qf3 Rc8 12. Qh3 Ne4 13. f3 Nf6 1/2-1/2


[Site "https://www.chess.com"]

[Event "Titled Tuesday Blitz February 28 Early 2023"]
[White "Rosenberg, Evan S"]
[Black "Sailer, Mike"]
[WhiteFideId "2019299"]
[BlackFideId "2012901"]
[WhiteElo "2442"]
[BlackElo "2109"]
[Result "1-0"]
[Round "04"]
[TimeControl "180+2"]
[Date "2023.02.28"]
[WhiteClock "0:00:12"]
[BlackClock "0:00:03"]

1. d4 d5 2. Nf3 Nf6 3. c3 Bf5 4. Qb3 Qc8 5. c4 e6 6. cxd5 exd5 7. Nc3 c6 8. Bf4 Na6 9. Rc1 Bb4 10. a3 Bxc3+ 11. Rxc3 O-O 12. e3 Nc7 13. Be2 Ne6 14. Be5 Ne4 15. Rc1 f6 16. Bg3 Nxg3 17. hxg3 Qd7 18. Nh4 Be4 19. f3 Bg6 20. Nxg6 hxg6 21. Bd3 Kf7 22. Qc2 f5 23. Kf2 Rh8 24. g4 Ng5 25. gxf5 gxf5 26. Bxf5 Qd6 27. f4 Ne4+ 28. Bxe4 dxe4 29. Qxe4 Rxh1 30. Rxh1 Re8 31. Qf5+ Ke7 32. Qe5+ Qxe5 33. dxe5 Ke6 34. e4 Rd8 35. Ke3 c5 36. Rh7 Kf7 37. f5 Kg8 38. Rh1 c4 39. Rc1 b5 40. Rc3 Rd1 41. e6 Kf8 42. g4 Ke7 43. b3 cxb3 44. Rxb3 a6 45. e5 Rg1 46. Kf4 Rf1+ 47. Rf3 Rxf3+ 48. Kxf3 a5 49. Ke4 b4 50. axb4 a4 51. b5 a3 52. b6 a2 53. b7 a1=Q 54. b8=Q Qe1+ 55. Kd5 Qd2+ 56. Kc6 Qc3+ 57. Kb7 1-0


[Site "https://www.chess.com"]

[Event "Titled Tuesday Blitz February 28 Early 2023"]
[White "Levine, David"]
[Black "Sreyas Payyappat"]
[WhiteFideId "2011611"]
[BlackFideId "46674969"]
[WhiteElo "2117"]
[BlackElo "2083"]
[Result "0-1"]
[Round "04"]
[TimeControl "180+2"]
[Date "2023.02.28"]
[WhiteClock "0:00:03"]
[BlackClock "0:00:10"]

1. d4 Nf6 2. c4 c5 3. d5 e6 4. Nc3 exd5 5. cxd5 d6 6. Nf3 g6 7. e4 Bg7 8. g3 O-O 9. Bg2 Re8 10. Nd2 b5 11. Nxb5 Ba6 12. Nc3 Nbd7 13. Bf1 Bxf1 14. Kxf1 Ne5 15. Qc2 Qb6 16. Kg2 c4 17. h3 Rac8 18. Rf1 Qd4 19. Nb5 Qc5 20. Na3 a6 21. f4 Nd3 22. Naxc4 Qd4 23. b3 Nxe4 24. Nxe4 Qxe4+ 25. Kh2 Bxa1 26. Ba3 Qe2+ 27. Qxe2 Rxe2+ 28. Kh1 Nf2+ 29. Kg2 Bd4 30. Bxd6 Rxa2 31. Be5 Bxe5 32. fxe5 Nd3+ 33. Kf3 Nc5 34. d6 Rd8 0-1


[Site "https://www.chess.com"]

[Event "Titled Tuesday Blitz February 28 Early 2023"]
[White "Bongo Akanga Ndjila, Barthelemy"]
[Black "Tymrakiewicz, Rafal"]
[WhiteFideId "10609431"]
[BlackFideId "1108832"]
[WhiteElo "1768"]
[BlackElo "2151"]
[Result "0-1"]
[Round "04"]
[TimeControl "180+2"]
[Date "2023.02.28"]
[WhiteClock "0:01:30"]
[BlackClock "0:02:00"]

1. d4 d5 2. c4 Bf5 3. Nc3 e6 4. cxd5 exd5 5. Qb3 Nc6 6. Bf4 Nxd4 7. Qa4+ Nc6 8. O-O-O Nf6 9. f3 Bd6 10. Bg5 O-O 11. Nxd5 Nxd5 12. Bxd8 Bf4+ 13. Rd2 Raxd8 14. g3 Bxd2+ 15. Kd1 Ne3# 0-1


[Site "https://www.chess.com"]